 Dungeon Crawl Stone Soup version 0.29.1-12-g30fa7ad0bf (webtiles) character file.

Game seed: 12398170646213980267

16818 wormed the Severer (level 12, -3/157 HPs)
             Began as a Minotaur Berserker on Dec 24, 2022.
             Was a High Priest of Trog.
             Slain by Sonja
             ... wielding a +1 dagger of distortion
              (9 damage)
             ... on level 10 of the Dungeon.
             The game lasted 00:25:13 (13676 turns).

wormed the Severer (Minotaur Berserker)            Turns: 13676, Time: 00:25:13

Health: -3/157     AC: 23    Str: 28    XL:     12   Next: 13%
Magic:  9/9        EV:  9    Int:  4    God:    Trog [*****.]
Gold:   601        SH:  0    Dex:  9    Spells: 11/11 levels left

rFire   + . .      SeeInvis .   c - +0 war axe
rCold   . . .      Faith    +   (no shield)
rNeg    . . .      Spirit   .   x - +0 plate armour
rPois   .          Reflect  .   (helmet restricted)
rElec   .          Harm     .   b - +0 cloak
rCorr   .          Rampage  .   H - +2 pair of gloves
Will    .....                   F - +0 pair of boots
Stlth   ..........              D - amulet of faith
HPRegen 0.36/turn               s - ring of protection from fire
MPRegen 0.11/turn               R - +4 ring of protection

@: berserking, slowed
A: horns 2, retaliatory headbutt, low MP 1
a: Renounce Religion, Berserk, Trog's Hand, Brothers in Arms


You were on level 10 of the Dungeon.
You worshipped Trog.
Trog was extremely pleased with you.
You visited 1 branch of the dungeon, and saw 10 of its levels.
You visited the Abyss 1 time.

You collected 601 gold pieces.

Inventory:

Hand Weapons
 c - a +0 war axe (weapon)
 M - a +0 morningstar
Missiles
 p - 14 poisoned darts (quivered)
 E - a curare-tipped dart
 J - a throwing net
 K - 3 atropa-tipped darts
 L - 6 javelins
Armour
 a - a scarf of invisibility
 b - a +0 cloak (worn)
 x - a +0 plate armour (worn)
 F - a +0 pair of boots (worn)
 H - a +2 pair of gloves (worn)
Jewellery
 s - a ring of protection from fire (left hand)
 B - a +6 ring of dexterity
 D - an amulet of faith (around neck)
 R - a +4 ring of protection (right hand)
Wands
 N - a wand of polymorph (11)
 O - a wand of charming (13)
 S - a wand of mindburst (3)
Scrolls
 e - 4 scrolls of blinking {unknown}
 f - a scroll of torment {unknown}
 g - a scroll of magic mapping {unknown}
 h - 5 scrolls of teleportation
 k - a scroll of acquirement {unknown}
 l - a scroll of summoning {unknown}
 n - 2 scrolls of silence {unknown}
 o - 4 scrolls of noise {unknown}
 r - 2 scrolls of immolation {unknown}
 t - 2 scrolls of amnesia {unknown}
 y - 3 scrolls of fear {unknown}
 C - a scroll of enchant armour {unknown}
 G - 2 scrolls of fog {unknown}
 P - a scroll of vulnerability {unknown}
Potions
 d - 2 potions of flight
 i - a potion of curing
 j - a potion of heal wounds
 m - a potion of lignification
 u - a potion of haste
 v - 4 potions of mutation
 w - a potion of magic
 z - a potion of degeneration {unknown}
 A - a potion of attraction {unknown}
 I - 3 potions of brilliance {unknown}
 Q - a potion of might {unknown}


   Skills:
 + Level 9.4 Fighting
 - Level 18.0 Axes
 + Level 3.9 Throwing
 + Level 7.1 Armour
 + Level 6.8 Dodging
 + Level 7.1 Shields


You had 11 spell levels left.
You didn't know any spells.
Your spell library was empty.

Dungeon Overview and Level Annotations

Branches:
Dungeon (10/15)            Temple (0/1) D:6            Lair (0/5) D:10
    Orc: D:9-12

Altars:
Uskayaw
Xom

Shops:
D:9 *

Annotations:
D:10 4 transporters, Sonja


Innate Abilities, Weirdness & Mutations

You have a pair of horns on your head.
You reflexively headbutt those who attack you in melee.
Your magical capacity is low. (-10% MP)


Message History

Sonja throws a curare-tipped dart.
The curare-tipped dart hits you.
You are more poisoned.
You have difficulty breathing.
* * * LOW HITPOINT WARNING * * *
You feel as though you will be slow longer.
There is a stone staircase leading down here.
You feel better.
There is a stone staircase leading up, spattered with blood here.
Sonja hits you but does no damage.
You blink.
Sonja throws a curare-tipped dart.
The curare-tipped dart hits you.
You are lethally poisoned!
You have difficulty breathing.
* * * LOW HITPOINT WARNING * * *
You feel as though you will be slow longer.
You can't go up here!
You feel better.
Sonja plants her feet in a plie.
Sonja throws a curare-tipped dart.
The curare-tipped dart hits you.
You are lethally poisoned!
You have difficulty breathing.
* * * LOW HITPOINT WARNING * * *
You feel as though you will be slow longer.
You feel better.
Sonja throws a curare-tipped dart.
The curare-tipped dart closely misses you.
You miss Sonja. Your headbutt misses Sonja.
Sonja is heavily wounded.
Sonja hits you but does no damage. Space warps around you.
* * * LOW HITPOINT WARNING * * *
Sonja hits you but does no damage. Space warps around you.
* * * LOW HITPOINT WARNING * * *
Sonja hits you but does no damage.
Sonja hits you with a +1 dagger of distortion!
* * * LOW HITPOINT WARNING * * *
Sonja hits you but does no damage. x2
A red film seems to cover your vision as you go berserk!
You feel yourself moving faster!
You feel mighty!
Sonja hits you with a +1 dagger of distortion.
* * * LOW HITPOINT WARNING * * *
Space warps horribly around you!
You die...

#.............#.# #.##
#........#....#.# #...
#...............#########..#
#..........#.##.##..........
#.#..#.#.##.##.....######..#
#.#..#.<........#### #..#
#.#...>........## ##..#
#.##.#....#.#### ##...#
#.##.#....#@# ##### #....<
#.##......K.# #...#####..#.#
#...........# #......>.....#
####.......## #...#####.####
#.#....######.## #.#
#.#..........)# #.#
#.##.########## #.#
#.##....# #.# # #.#####.#
#.# #


You could see Sonja.

Vanquished Creatures
  A bone dragon (Abyss:1)
  A dancing weapon (D:8)
  3 death yaks
  The ghost of lotum the Cleaver, a novice DsFi of Ru (D:8)
  The ghost of boopmooplesden the Cleaver, a novice MiBe of Trog (D:6)
  A sixfirhy (Abyss:1)
  An orange crystal statue (D:9)
  A deep elf pyromancer (D:8)
  A smoke demon (Abyss:1)
  Maggie (D:10)
  An ice statue (D:9)
  An ice devil (Abyss:1)
  A troll (D:9)
  Grinder (D:3)
  A hornet (D:10)
  3 raiju (Abyss:1)
  Sigmund (D:3)
  A vampire (D:9)
  A ynoxinul (Abyss:1)
  2 wraiths (D:9)
  7 yaks (D:8)
  A steam dragon (D:7)
  2 vampire mosquitoes (D:7)
  Menkaure (D:4)
  4 large abominations (Abyss:1)
  2 water moccasins
  5 ice beasts
  A sky beast (D:8)
  A black bear (D:4)
  4 orc warriors
  2 centaurs
  2 ogres
  4 phantoms
  2 kobold brigands
  Blork the orc (D:5)
  3 necrophages
  3 scorpions
  2 bullfrogs
  17 wights
  A small abomination (Abyss:1)
  6 killer bees (D:9)
  A howler monkey (D:9)
  3 quasits (D:4)
  3 hounds
  6 orc priests
  2 jellies
  Crazy Yiuf (D:4)
  An iron imp (Abyss:1)
  Jessica (D:2)
  5 iguanas
  2 orc wizards
  A bullfrog simulacrum (D:6)
  8 gnolls
  7 adders
  5 shadow imps (D:4)
  7 white imps
  5 ufetubi
  2 worms
  2 dart slugs
  30 orcs
  5 bats
  7 endoplasms
  3 giant cockroaches
  3 goblins
  6 hobgoblins
  8 jackals
  3 quokkas
  4 ball pythons
  3 frilled lizards
  13 kobolds
  6 rats
249 creatures vanquished.

Vanquished Creatures (others)
  A demonic plant (D:4)
1 creature vanquished.

Grand Total: 250 creatures vanquished

Notes
Turn   | Place    | Note
-------+----------+-------------------------------------------
     0 | D:1      | wormed the Minotaur Berserker began the quest for the Orb.
     0 | D:1      | Reached XP level 1. HP: 19/19 MP: 0/0
    45 | D:1      | Reached XP level 2. HP: 8/27 MP: 1/1
   357 | D:1      | Reached skill level 1 in Shields
   789 | D:2      | Found a faded altar of an unknown god.
   805 | D:2      | Reached skill level 4 in Axes
   805 | D:2      | Reached XP level 3. HP: 30/33 MP: 2/2
   915 | D:2      | Noticed Jessica
   930 | D:2      | Killed Jessica
   931 | D:2      | Reached XP level 4. HP: 40/40 MP: 3/3
  1710 | D:3      | Noticed Grinder
  1750 | D:3      | Reached ** piety under Trog
  1832 | D:3      | Reached XP level 5. HP: 47/47 MP: 4/4
  1874 | D:3      | Found a hide-covered altar of Uskayaw.
  1905 | D:3      | Identified the +2 ring mail "Sufury" {Regen+ Int+4}
  2015 | D:3      | Paralysed by Grinder for 3 turns
  2023 | D:3      | Paralysed by Grinder for 5 turns
  2029 | D:3      | Paralysed by Grinder for 5 turns
  2037 | D:3      | Killed Grinder
  2038 | D:3      | Reached skill level 5 in Fighting
  2038 | D:3      | Reached skill level 5 in Axes
  2038 | D:3      | Reached XP level 6. HP: 15/56 MP: 5/5
  2313 | D:3      | Noticed Sigmund
  2688 | D:3      | Killed Sigmund
  2689 | D:3      | Reached XP level 7. HP: 57/61 MP: 6/6
  3178 | D:4      | Reached skill level 5 in Armour
  3447 | D:4      | Noticed Menkaure
  3452 | D:4      | Killed Menkaure
  3537 | D:4      | Reached skill level 6 in Axes
  3542 | D:4      | Reached skill level 5 in Dodging
  3542 | D:4      | Reached XP level 8. HP: 68/70 MP: 7/7
  3832 | D:4      | Found a runed translucent door.
  3833 | D:4      | Noticed Crazy Yiuf
  3875 | D:4      | Reached skill level 5 in Shields
  4042 | D:4      | Reached *** piety under Trog
  4347 | D:4      | Killed Crazy Yiuf
  4409 | D:5      | Entered Level 5 of the Dungeon
  4459 | D:5      | Reached skill level 7 in Axes
  4464 | D:5      | Noticed Blork the orc
  4474 | D:5      | Killed Blork the orc
  4708 | D:5      | Reached skill level 8 in Axes
  4966 | D:5      | Reached skill level 9 in Axes
  5295 | D:6      | Reached XP level 9. HP: 55/81 MP: 8/8
  5489 | D:6      | Found a runed translucent gate.
  5490 | D:6      | Found a runed translucent gate.
  5491 | D:6      | Found a runed translucent gate.
  5521 | D:6      | Reached skill level 10 in Axes
  5727 | D:6      | Reached **** piety under Trog
  5728 | D:6      | Reached skill level 11 in Axes
  5818 | D:6      | You fall into a shaft and drop 2 floors!
  5927 | D:8      | Found a runed translucent door.
  5927 | D:8      | Found a shimmering altar of Xom.
  5927 | D:8      | Noticed lotum's ghost (novice DsFi)
  5927 | D:8      | Noticed a +1 falchion of chaos
  6104 | D:7      | Reached skill level 12 in Axes
  6354 | D:7      | Reached skill level 13 in Axes
  6755 | D:6      | Noticed boopmooplesden's ghost (novice MiBe)
  6816 | D:6      | Found a staircase to the Ecumenical Temple.
  6973 | D:6      | Reached XP level 10. HP: 88/88 MP: 9/9
  6982 | D:6      | Killed boopmooplesden's ghost
  6983 | D:6      | Reached skill level 14 in Axes
  7019 | D:6      | Got the ring of the Good {Fire Str+3}
  7786 | D:8      | Reached skill level 15 in Axes
  8153 | D:8      | Reached ***** piety under Trog
  8289 | D:8      | Noticed a deep elf pyromancer
  8300 | D:8      | Killed a deep elf pyromancer
  8301 | D:8      | Reached skill level 16 in Axes
  8531 | D:8      | Killed lotum's ghost
  8535 | D:8      | Killed a +1 falchion of chaos
  8536 | D:8      | Reached skill level 17 in Axes
  8536 | D:8      | Reached XP level 11. HP: 94/94 MP: 10/10
  8762 | D:9      | Noticed an orange crystal statue
 10267 | D:9      | Found Gyczid's General Store.
 10967 | D:9      | Killed an orange crystal statue
 10968 | D:9      | Reached skill level 18 in Axes
 11037 | D:10     | Entered Level 10 of the Dungeon
 11066 | D:10     | Noticed Maggie
 11089 | D:10     | Killed Maggie
 11274 | D:10     | Found a staircase to the Lair.
 11274 | D:10     | Noticed a death yak
 11274 | D:10     | Noticed a death yak
 11293 | D:10     | Noticed a death yak
 11294 | D:10     | Noticed a death yak
 11296 | D:10     | Killed a death yak
 11297 | D:10     | Reached skill level 1 in Throwing
 11297 | D:10     | Noticed a death yak
 11302 | D:10     | Noticed a death yak
 11329 | D:8      | Killed a death yak
 11959 | D:10     | Found a transporter.
 11961 | D:10     | Found a transporter.
 11963 | D:10     | Found a transporter.
 11983 | D:10     | Noticed Sonja
 11997 | Abyss:1  | Cast into level 1 of the Abyss (Sonja)
 12187 | Abyss:1  | Noticed a sixfirhy
 12382 | Abyss:1  | Noticed a large abomination
 12391 | Abyss:1  | Killed a large abomination
 12393 | Abyss:1  | Noticed a starcursed mass
 12398 | Abyss:1  | Noticed a bone dragon
 12437 | Abyss:1  | Noticed a large abomination
 12451 | Abyss:1  | Found a corrupted altar of Lugonu.
 12632 | Abyss:1  | Noticed a bone dragon
 12651 | Abyss:1  | Gained mutation: Your magical capacity is low. (-10% MP) [a
                  | neqoxec]
 12851 | Abyss:1  | Noticed a sixfirhy
 12857 | Abyss:1  | Killed a sixfirhy
 12898 | Abyss:1  | Noticed a bone dragon
 12925 | Abyss:1  | Killed a bone dragon
 12926 | Abyss:1  | Reached XP level 12. HP: 77/104 MP: 9/9
 12928 | D:10     | Escaped the Abyss
 13288 | D:10     | Killed a death yak
 13513 | D:10     | Found a transporter.
 13662 | D:10     | HP: 1/105 [asphyx]
 13667 | D:10     | HP: 3/105 [asphyx]
 13675 | D:10     | HP: 5/105 [Sonja/+1 dagger of distortion (7)]
 13676 | D:10     | Slain by Sonja

Illustrated notes

Levels and vault maps discovered:
D:1:      dpeg_arrival_windows_large_door, layout_rooms
D:2:      layout_rooms, ebering_ecumenical_altar_rust, uniq_jessica
D:3:      layout_basic, overflow_temple_1_default, corexii_corridor_pit,
          minmay_diced_spiral, uniq_grinder, uniq_sigmund
D:4:      minmay_chambers_of_twos, layout_basic, serial_demonic,
          serial_demonic_c, serial_demonic_a, serial_demonic_a,
          serial_demonic_a, uniq_menkaure, uniq_crazy_yiuf_cottage
D:5:      layout_cave_pools, kennysheep_cross_bottleneck,
          chequers_serial_rivers_large_b, uniq_blork_the_orc
D:6:      layout_cave_pools, temple_hall, gammafunk_ghost_icy
D:7:      layout_loops_ring
D:8:      layout_basic, ebering_ghost_xom, kennysheep_decorative_pillar,
          minmay_misc_feat_square, guppyfry_early_elven_hall
D:9:      minmay_separated_statues, layout_loops_ring, serial_shops,
          nicolae_lakefront_shop
D:10:     layout_loops_ring, dpeg_lair_monsters, nicolae_diode_quadrants,
          uniq_sonja, uniq_maggie

Skill      XL: |  1  2  3  4  5  6  7  8  9 10 11 12 |
---------------+-------------------------------------+-----
Shields        | 1 2 3 4 5 6 7 |  7.1
Fighting       | 4 5 6 8 9 |  9.4
Axes           | 4 5 6 9 13 17 18 | 18.0
Armour         | 3 4 5 6 7 |  7.1
Dodging        | 3 4 5 6 |  6.8
Throwing       | 3 |  3.9

Action                   |  1- 3 |  4- 6 |  7- 9 | 10-12 || total
-------------------------+-------+-------+-------+-------++-------
Melee: War axe           |    36 |    61 |   313 |   429 ||   839
       Headbutt          |     5 |     7 |    56 |    93 ||   161
       Punch             |     1 |       |     1 |     2 ||     4
Throw: Dart              |       |     6 |       |    18 ||    24
Invok: Berserk           |       |     1 |     2 |     8 ||    11
       Trog's Hand       |       |       |     1 |     3 ||     4
  Use: Scroll            |       |     1 |       |    12 ||    13
       Potion            |       |       |       |    12 ||    12
Armor: Animal skin       |    12 |     9 |       |       ||    21
       Plate armour      |       |    35 |   259 |   210 ||   504
Dodge: Dodged            |    29 |    56 |   162 |   149 ||   396
